 Dungeon Sprint DCSS version 0.31.0-12-g77e489cdc1 (webtiles) character file.

Game seed: 1402100364174272142

431 Silvore the Fighter (level 6, -3/66 HPs)
             Began as a Minotaur Fighter on Feb 21, 2024.
             Was an Initiate of Okawaru.
             Slain by a slime creature (13 damage)
             ... in the Dungeon (Sprint I: "Red Sonja").
             The game lasted 00:00:59 (251 turns).

Silvore the Fighter (Minotaur Fighter)               Turns: 251, Time: 00:00:59

Health: -3/66      AC:  8    Str: 23    XL:     6   Next: 67%
Magic:  5/5        EV: 10    Int:  5    God:    Okawaru [......]
Gold:   177        SH:  6    Dex:  9    Spells: 5/5 levels left

rFire   . . .        a - +0 war axe
rCold   . . .        c - +0 buckler
rNeg    . . .        b - +0 scale mail
rPois   .            (helmet restricted)
rElec   .            (no cloak)
rCorr   .            (no gloves)
SInv    .            (no boots)
Will    .....        (no amulet) Stlth
                     (no ring)
HPRegen 0.31/turn    (no ring)
MPRegen 0.09/turn

%: no teleportation
@: no status effects
A: horns 2, retaliatory headbutt
a: Renounce Religion


You were in the Dungeon.
You worshipped Okawaru.
Okawaru was noncommittal.
You visited 1 branch You collected 177 gold pieces.

Inventory:

Hand Weapons
 a - a +0 war axe (weapon)
Armour
 b - a +0 scale mail (worn)
 c - a +0 buckler (worn)
Scrolls
 j - a scroll of blinking
Potions
 e - a potion of curing
 f - a potion of heal wounds
 g - a potion of haste
 h - 2 potions of magic
 i - a potion of berserk rage


   Skills:
 + Level 9.9 Fighting
 + Level 8.0 Axes
 + Level 9.7 Armour
 + Level 1.0 Dodging
 + Level 9.2 Shields


You had 5 spell levels left.
You didn't know any spells.
Your spell library was empty.

Dungeon Overview and Level Annotations

Branches:
Dungeon (1/1)

Altars:
Cheibriados
Dithmenos
Elyvilon
Fedhas
Gozag
Hepliaklqana
Kikubaaqudgha
Makhleb
Nemelex Xobeh
Okawaru
Qazlal
Ru
Sif Muna
Trog
Uskayaw
Vehumet
Wu Jian
Xom
Yredelemnul
Zin
The Shining One
Jiyva
Lugonu

Shops:
D :


Innate Abilities, Weirdness & Mutations

You have a pair of horns on your head.
You reflexively headbutt those who attack you in melee.


Message History

There is an open door, spattered with blood here.
Found a sparkling altar of Nemelex Xobeh.
There is an entrance to Orhemp's Book Emporium here.
There is a glowing golden altar of the Shining One here.
There is an iron altar of Okawaru here.
You kneel at the altar of Okawaru.
Okawaru welcomes you!
There is a bloodstained altar of Trog here.
There is a blossoming altar of Fedhas here.
There is a stormy altar of Qazlal here.
There is an open door, spattered with blood here.
You see here a +0 flail.
You start resting.
HP restored.
You start waiting.
Done waiting.
There is an open door here.
As you open the door, it creaks loudly!
A slime creature comes into view.
The slime creature quivers.
Found four altars.
The slime creature hits you!
There is an open door here.
You slash the slime creature! You headbutt the slime creature.
The slime creature is lightly wounded.
The slime creature hits you!
You hit the slime creature. You headbutt the slime creature.
The slime creature is moderately wounded.
The slime creature barely misses you.
You slash the slime creature! You headbutt the slime creature!
The slime creature is severely wounded.
The slime creature hits you!
You slash the slime creature!
The slime creature is almost dead.
The slime creature hits you!
* * * LOW HITPOINT WARNING * * *
You completely miss the slime creature. You headbutt the slime creature.
The slime creature is almost dead.
The slime creature hits you!
You die...

###################
#<.#..').#.)'..#__#
#..').#..'..#..@J.+
#..#####'#####'#__#
#..####..# #)####
#..#__#### ##.#
#..#_____##+#_.+
#⌠⌠#_.∩...'..._#
####_..__##_.#+#
#_____###+# #######


You could see a slime creature.

Vanquished Creatures
  Sigmund (D)
  A yak (D)
  An ogre (D)
  A jelly (D)
  Ijyb (D)
5 creatures vanquished.

Notes
Turn   | Place    | Note
-------+----------+-------------------------------------------
     0 | D        | Silvore the Minotaur Fighter began the quest for the Orb.
     0 | D        | Reached XP level 1. HP: 19/19 MP: 0/0
     2 | D        | Noticed Ijyb
     6 | D        | Killed Ijyb
     7 | D        | Reached skill level 5 in Fighting
     7 | D        | Reached skill level 5 in Armour
     7 | D        | Reached skill level 5 in Shields
     7 | D        | Reached XP level 2. HP: 24/29 MP: 1/1
     9 | D        | Noticed an ogre
    14 | D        | Killed an ogre
    15 | D        | Reached XP level 3. HP: 20/39 MP: 2/2
    15 | D        | Reached XP level 4. HP: 25/47 MP: 3/3
    23 | D        | Noticed Sigmund
    27 | D        | Killed Sigmund
    28 | D        | Reached XP level 5. HP: 34/56 MP: 4/4
    28 | D        | Reached XP level 6. HP: 37/62 MP: 5/5
    39 | D        | Found an ornate altar of the Wu Jian Council.
    39 | D        | Found a shimmering blue altar of Sif Muna.
    41 | D        | Found a radiant altar of Vehumet.
    50 | D        | Found Orhemp's Book Emporium.
    50 | D        | Found an ancient bone altar of Kikubaaqudgha.
    50 | D        | Found a hazy altar of Hepliaklqana.
    50 | D        | Found a stormy altar of Qazlal.
    50 | D        | Found a hide-covered altar of Uskayaw.
    50 | D        | Found a blossoming altar of Fedhas.
    50 | D        | Found a bloodstained altar of Trog.
    50 | D        | Found an iron altar of Okawaru.
    50 | D        | Found a basalt altar of Yredelemnul.
    50 | D        | Found a glowing golden altar of the Shining One.
    50 | D        | Found a snail-covered altar of Cheibriados.
    50 | D        | Found a sacrificial altar of Ru.
    50 | D        | Found a glowing silver altar of Zin.
    50 | D        | Found a shadowy altar of Dithmenos.
    50 | D        | Found a white marble altar of Elyvilon.
    50 | D        | Noticed a yak
    55 | D        | Killed a yak
    56 | D        | Reached skill level 1 in Dodging
    56 | D        | Found an opulent altar of Gozag.
    57 | D        | Found a sparkling altar of Nemelex Xobeh.
    64 | D        | Became a worshipper of Warmaster Okawaru
   245 | D        | Found a burning altar of Makhleb.
   245 | D        | Found a viscous altar of Jiyva.
   245 | D        | Found a shimmering altar of Xom.
   245 | D        | Found a corrupted altar of Lugonu.
   245 | D        | Noticed a slime creature
   251 | D        | Slain by a slime creature

Illustrated notes

Levels and vault maps discovered:
D:        dungeon_sprint_1 [red_sonja_temple_1, red_sonja_temple_small_1]

Skill      XL: |  1  2  3  4  5  6 |
---------------+-------------------+-----
Fighting       | 5 7 8 9 |  9.9
Axes           | 3 4 6 8 |  8.0
Armour         | 5 6 8 9 |  9.7
Shields        | 5 6 8 9 |  9.2
Dodging        | 1 |  1.0

Action                     |  1- 3 |  4- 6 || total
---------------------------+-------+-------++-------
  Melee: War axe           |     7 |    13 ||    20
         Headbutt          |     1 |     5 ||     6
    Use: Potion            |     1 |       ||     1
 Armour: Scale mail        |     4 |     9 ||    13
  Dodge: Dodged            |     2 |     6 ||     8
  Block: Buckler           |       |     1 ||     1
